 Dungeon Crawl Stone Soup version 0.19.4-25-g1b72edd (webtiles) character file.

498 vatarom the Slasher (level 7, -8/52 HPs)
             Began as a Formicid Fighter on Feb 28, 2017.
             Was a Follower of Uskayaw.
             Killed by divine providence
             ... invoked by an orc priest
              (10 damage)
             ... on level 4 of the Dungeon.
             The game lasted 00:05:37 (4162 turns).

vatarom the Slasher (Formicid Fighter)              Turns: 4162, Time: 00:05:38

Health: -8/52      AC: 10    Str: 19 (22) XL:     7   Next: 39%
Magic:  9/9        EV: 12    Int:  4 (7)  God:    Uskayaw [*.....]
Gold:   114        SH:  9    Dex: 14 (16) Spells: 0 memorised, 6 levels left

rFire  . . .     SeeInvis +     a - +0 long sword
rCold  . . .     Gourm    .     b - +0 scale mail
rNeg   . . .     Faith    .     c - +0 shield
rPois  +         Spirit   .     (helmet unavailable)
rElec  .         Reflect  .     (no cloak)
rCorr  .         Harm     .     (no gloves)
MR     .....                    (no boots)
Stlth  +.........               (no amulet)
                                (no ring)
                                (no ring)

@: agile
A: permanent stasis, dig shafts and tunnels, four strong arms, antennae 3, icy
blue scales 2, poison resistance
a: Dig, Shaft Self, Stomp, Renounce Religion


You were on level 4 of the Dungeon.
You worshipped Uskayaw.
Uskayaw was noncommittal.
You were not hungry.

You visited 1 branch of the dungeon, and saw 4 of its levels.

You collected 114 gold pieces.

Inventory:

Hand Weapons
 a - a +0 long sword (weapon)
Armour
 b - a +0 scale mail (worn)
 c - a +0 shield (worn)
Wands
 k - a wand of acid (13/15)
Scrolls
 e - 3 scrolls of identify
Comestibles
 d - a chunk of flesh
 f - 2 bread rations
 g - 3 meat rations


   Skills:
 - Level 3.2 Fighting
 - Level 6.2 Long Blades
 + Level 4.3 Armour
 - Level 3.6 Shields
 - Level 3.6 Invocations


You had 6 spell levels left.
You didn't know any spells.

Dungeon Overview and Level Annotations

Branches:
Dungeon (4/15)
 Temple: D:4-7

Altars:
Ashenzari
Trog
Uskayaw
Yredelemnul


Innate Abilities, Weirdness & Mutations

You are under a permanent stasis effect.
You can dig through walls and to a lower floor.
Your four strong arms can wield two-handed weapons with a shield.
You have a pair of large antennae on your head. (SInv)
You are mostly covered in icy blue scales. (AC +3)
Your system is resistant to poisons. (rPois)


Message History

You hit the orc priest but do no damage.
The orc priest hits you but does no damage. x2
Okay, then.
You barely miss the orc priest. You block the orc priest's attack.
You barely miss the orc priest. You block the orc priest's attack.
You slash the orc priest!
The orc priest is heavily wounded.
The orc priest calls down the wrath of Beogh upon you.
Pain shoots through your body!
* * * LOW HITPOINT WARNING * * *
Your scale mail prevents you from hitting the orc priest.
The orc priest is heavily wounded.
The orc priest miscasts a cantrip.
You hit the orc priest but do no damage.
The orc priest is heavily wounded.
You hit the orc priest.
The orc priest is almost dead.
The orc priest invokes the aid of Beogh against you.
Beogh smites you!
You die...

#.[..#...#...... #...
#....'...#...... #...
#...##...#...... #...
#...##...#...... ...
#........#...... ..
#........#...... { #.
#...##...#......
######o##...##...#......
......o@.........#......
.................#
.................#
.................#
.................#
.##.##..##..##..## ##
#..##### ..# .... ..
....


You could see an orc priest and an orc.

Vanquished Creatures
  The ghost of galech the Skirmisher, an amateur OgFi (D:3)
  An ogre (D:3)
  The ghost of vatarom the Slasher, an amateur FoFi of Uskayaw (D:4)
  A hound (D:4)
  An orc wizard (D:4)
  Natasha (D:4)
  3 gnolls (D:2)
  4 adders
  2 worms (D:2)
  2 dart slugs (D:2)
  5 leopard geckos
  4 orcs
  3 ball pythons
  A giant cockroach (D:2)
  10 goblins
  12 hobgoblins
  5 jackals
  A quokka (D:2)
  7 bats
  2 kobolds
  7 rats
74 creatures vanquished.

Notes
Turn   | Place    | Note
-------+----------+-------------------------------------------
     0 | D:1      | vatarom the Formicid Fighter began the quest for the Orb.
     0 | D:1      | Reached XP level 1. HP: 18/18 MP: 1/1
    69 | D:1      | Reached XP level 2. HP: 19/24 MP: 2/2
    94 | D:1      | Reached skill level 3 in Long Blades
   394 | D:1      | Reached XP level 3. HP: 29/29 MP: 3/3
   937 | D:2      | Reached skill level 4 in Long Blades
   937 | D:2      | Reached XP level 4. HP: 5/35 MP: 4/4
   940 | D:2      | HP: 1/35 [gnoll/spear (1)]
  1498 | D:2      | Found a hide-covered altar of Uskayaw.
  1548 | D:2      | Found a shattered altar of Ashenzari.
  1549 | D:2      | Found a bloodstained altar of Trog.
  1556 | D:2      | Became a worshipper of Uskayaw the Reveler
  1593 | D:2      | Gained mutation: Your system is resistant to poisons. (rPois) [potion of mutation]
  1593 | D:2      | Gained mutation: You are partially covered in icy blue scales. (AC +2) [potion of mutation]
  1593 | D:2      | Gained mutation: You are mostly covered in icy blue scales. (AC +3) [potion of mutation]
  1601 | D:2      | Reached * piety under Uskayaw
  1607 | D:2      | Reached ** piety under Uskayaw
  1612 | D:2      | Reached *** piety under Uskayaw
  1685 | D:2      | Found a basalt altar of Yredelemnul.
  1722 | D:2      | Reached XP level 5. HP: 39/41 MP: 5/5
  2117 | D:3      | Found a shattered altar of Ashenzari.
  2136 | D:3      | Noticed galech's ghost (amateur OgFi)
  2160 | D:3      | Killed galech's ghost
  2160 | D:3      | Reached skill level 5 in Long Blades
  2160 | D:3      | Reached XP level 6. HP: 47/47 MP: 5/7
  3009 | D:4      | Noticed vatarom's ghost (amateur FoFi)
  3027 | D:4      | Killed vatarom's ghost
  3293 | D:4      | Noticed an ogre
  3593 | D:3      | Killed an ogre
  3593 | D:3      | Reached skill level 6 in Long Blades
  3593 | D:3      | Reached XP level 7. HP: 13/52 MP: 9/9
  4043 | D:4      | Noticed Natasha
  4062 | D:4      | Killed Natasha
  4159 | D:4      | HP: 1/52 [orc priest/nerve-wracking pain (4)]
  4162 | D:4      | Killed from afar by an orc priest

Skill      XL: |  1  2  3  4  5  6  7 |
---------------+----------------------+-----
Long Blades    | 3 4 5 6 |  6.2
Invocations    | 2 3 |  3.6
Armour         | 4 |  4.3
Fighting       | |  3.2
Shields        | |  3.6

Action                   |  1- 3 |  4- 6 |  7- 9 || total
-------------------------+-------+-------+-------++-------
Melee: Long sword        |    96 |   138 |    54 ||   288
 Abil: Dig               |     2 |     2 |       ||     4
  Use: Potion            |     3 |     7 |     3 ||    13
       Scroll            |     4 |     4 |     1 ||     9
 Stab: Paralysed         |       |     1 |       ||     1
  Eat: Chunk             |       |     5 |       ||     5
       Bread ration      |       |     2 |       ||     2
Armor: Scale mail        |    56 |    51 |    29 ||   136
Dodge: Dodged            |    35 |    58 |    18 ||   111
Block: Shield            |    50 |    93 |    32 ||   175
       Rpst.: Long sword |     9 |    21 |     8 ||    38
